 Dungeon Crawl Stone Soup version 0.32-a0-732-ga344392067 (webtiles) character file.

Game seed: 10368283532615906819

178281 Bitman the Tortoise (level 17, -5/158 HPs)
             Began as a Minotaur Berserker on Mar 17, 2024.
             Was a High Priest of Trog.
             Slain by a wolf spider (7 damage)
             ... led by a broodmother
             ... on level 4 of the Spider Nest.
             The game lasted 01:31:14 (29333 turns).

Bitman the Tortoise (Minotaur Berserker)           Turns: 29333, Time: 01:31:14

Health: -5/158     AC: 29    Str: 33 (35) XL:     17   Next: 57%
Magic:  6/16       EV: 10    Int:  4      God:    Trog [*****.]
Gold:   1714       SH: 22    Dex: 14      Spells: 16/16 levels left

rFire   + . .        a - +6 broad axe (freeze)
rCold   . . .        J - +4 tower shield
rNeg    + . .        E - +4 plate armour
rPois   +            s - +0 hat of Lunelush {+Inv rF+ rN+}
rElec   .            l - scarf {repulsion}
rCorr   .            F - +2 pair of gloves
SInv    .            u - +0 pair of boots
Will    +++..        K - amulet "Niocsu" {Acrobat Rampage Dex+3} Stlth
                     i - ring of poison resistance
HPRegen 1.46/turn    b - +6 ring of strength
MPRegen 0.15/turn

%: repel missiles, acrobat, rampage
@: strong-willed, spiked, on berserk cooldown, regenerating, studying
Shapeshifting
A: horns 2, retaliatory headbutt
a: Renounce Religion, Evoke Invisibility, Berserk, Trog's Hand, Brothers in Arms


You were on level 4 of the Spider Nest.
You worshipped Trog.
Trog was extremely pleased with you.
You visited 4 branches of the dungeon, and saw 26 of its levels.
You also visited: Gauntlet and Volcano.

You collected 2792 gold pieces.
You spent 1078 gold pieces at shops.

Inventory:

Hand Weapons
 a - a +6 broad axe of freezing (weapon)
 o - a +3 morningstar
Missiles
 x - a throwing net
 C - 15 javelins
 D - 10 boomerangs
Armour
 l - a scarf of repulsion (worn)
 s - the +0 hat of Lunelush (worn) {+Inv rF+ rN+}
   (You found it in a Gauntlet)

   rF+:       It protects you from fire.
   rN+:       It protects you from negative energy.
   +Inv:      It lets you turn invisible.
 u - a +0 pair of boots (worn)
 E - a +4 plate armour (worn)
 F - a +2 pair of gloves (worn)
 J - a +4 tower shield (worn)
Jewellery
 b - a +6 ring of strength (right hand)
 e - a ring of see invisible
 f - a ring of protection from fire
 i - a ring of poison resistance (left hand)
 n - a ring of protection from cold
 z - the amulet "Zirronuo" {rC++ RegenMP+}
   (You took it off an orc knight on level 10 of the Dungeon)

   [amulet of magic regeneration]

   It increases your rate of magic regeneration.
   rC++:      It greatly protects you from cold.
   RegenMP+:  It increases your rate of magic regeneration.
 A - a ring of positive energy
 K - the amulet "Niocsu" (around neck) {Acrobat Rampage Dex+3}
   (You found it in a Gauntlet)

   [amulet of the acrobat]

   Acrobat:   It increases your evasion while moving and waiting.
   Dex+3:     It affects your dexterity (+3).
   Rampage:   It bestows one free step when moving towards enemies.
 M - the ring of Gozag's Scorn {rC+ Slay+4}
   (You found it in a Gauntlet)

   [ring of slaying]

   Slay+4:    It affects your accuracy & damage with ranged weapons and melee
   (+4).
   rC+:       It protects you from cold.
 N - an amulet of regeneration
Wands
 k - a wand of paralysis (31)
 B - a wand of polymorph (11)
 G - a wand of warping (11)
 U - a wand of digging (8)
 W - a wand of mindburst (5)
Scrolls
 c - 3 scrolls of immolation
 g - 2 scrolls of summoning
 h - 5 scrolls of teleportation
 m - 4 scrolls of fear
 p - 5 scrolls of fog
 r - 3 scrolls of blinking
 L - 6 scrolls of identify
 P - 2 scrolls of poison
 Q - a scroll of revelation
Potions
 d - 4 potions of curing
 j - 6 potions of enlightenment
 t - 2 potions of haste
 v - a potion of mutation {unknown}
 w - 3 potions of magic
 I - 3 potions of cancellation
 O - 2 potions of might
 T - a potion of heal wounds
 Y - a potion of invisibility
Miscellaneous
 q - a lightning rod (4/4)


   Skills:
 + Level 15.9 Fighting
 * Level 17.5 Axes
 + Level 4.4 Throwing
 + Level 20.4 Armour
 + Level 7.0 Dodging
 + Level 15.1 Shields
 + Level 8.6 Evocations
 - Level 10.0 Shapeshifting


You had 16 spell levels left.
You didn't know any spells.
Your spell library was empty.

Dungeon Overview and Level Annotations

Branches:
Dungeon (15/15)            Temple (0/1) D:7            Lair (5/5) D:10
 Shoals (0/4) Lair:2       Spider (4/4) Lair:3        Slime (0/5) Lair:5
    Orc (2/2) D:9             Elf (0/3) Orc:2        Vaults (0/5) D:13
 Depths (0/4) D:15        Volcano (visited)         Gauntlet (visited)

Altars:
Ashenzari
Cheibriados
Dithmenos
Gozag
Makhleb
Qazlal
Sif Muna
Trog
Xom
Yredelemnul
The Shining One
Jiyva

Shops:
D:3 *   Orc:2 **[=

Annotations:
Orc:2 1 runed translucent door, GreenGuy14's ghost, journeyman MiBe


Innate Abilities, Weirdness & Mutations

You have a pair of horns on your head.
You reflexively headbutt those who attack you in melee.


Message History

More barbed spikes become lodged in your body.
A wolf spider comes into view.
The jumping spider leaps!
The tarantella moves out of view.
A redback comes into view.
There is a web here.
You struggle to detach yourself from the web.
You feel yourself speed up.
You are no longer corroded.
The wolf spider's many legs skitter.
The wolf spider hits you but does no damage.
The wolf spider bites you.
* * * LOW HITPOINT WARNING * * *
The wolf spider hits you!
* * * LOW HITPOINT WARNING * * *
The wolf spider bites you but does no damage.
An orb spider comes into view.
A redback comes into view.
The steelbarb worm hits you but does no damage.
The wolf spider hits you but does no damage.
The wolf spider bites you but does no damage.
The wolf spider barely misses you.
The wolf spider bites you but does no damage.
The steelbarb worm hits you but does no damage.
You disentangle yourself.
You block the wolf spider's attack. x2
The jumping spider leaps!
You block the wolf spider's attack.
The wolf spider bites you but does no damage.
You block the steelbarb worm's attack. The wolf spider closely misses you. x2
The tarantella's many legs skitter faintly.
You slash the pharaoh ant! You freeze the pharaoh ant.
Your headbutt misses the pharaoh ant.
The pharaoh ant is moderately damaged.
You slash the wolf spider! You freeze the wolf spider. You hit the broodmother.
You freeze the broodmother. You slash the steelbarb worm!
You freeze the steelbarb worm. You barely miss the wolf spider.
You block the pharaoh ant's attack.
The wolf spider hits you but does no damage.
The wolf spider bites you but does no damage.
The broodmother bites you!
* * * LOW HITPOINT WARNING * * *
You block the steelbarb worm's attack. The wolf spider closely misses you.
The wolf spider bites you!
You die...

#.... ##..####
#..... .##
....#### ##
##.......
..:..... #
..s.. #^.
####..#
##..#.ss^##
#....B@ss.##
##.s..#wss.#
...s#..#^#...#
#s. #..###..##
. #.. ##..#
#.. ..# #.#
... ## ..##
...


You could see a broodmother, a steelbarb worm, 3 wolf spiders, 2 orb spiders, a
pharaoh ant, a jumping spider, a tarantella and 2 redbacks.

Vanquished Creatures
  Mlioglotl (Spider:4)
  Agnes (Spider:3)
  Kirke (D:14)
  A frost giant (D:10)
  6 emperor scorpions
  2 ghost moths
  2 broodmothers
  A stone giant (D:10)
  A minotaur (Lair:4)
  2 spark wasps
  Snorg (D:14)
  A fire dragon (D:12)
  A yaktaur captain (D:10)
  6 entropy weavers
  3 vault guards (D:13)
  A catoblepas (D:14)
  9 hydras
  4 ogre magi
  7 centaur warriors
  A death knight (D:15)
  5 boulder beetles
  20 two-headed ogres
  9 death yaks
  4 tengu warriors
  A hell hog (Gauntlet)
  A hell knight (Volcano)
  A storm dragon zombie (D:15)
  9 demonic crawlers
  A skeletal warrior (D:15)
  4 pharaoh ants
  An iron troll (Orc:2)
  4 skysharks
  An orb spider (Spider:3)
  2 sun moths (Spider:2)
  7 steelbarb worms
  4 orc knights
  2 necromancers
  A lindwurm (Lair:5)
  6 deep elf pyromancers
  17 ugly things
  7 cyclopes
  15 wolf spiders
  Maurice (D:7)
  5 moths of wrath
  4 manticores
  A meliai (shapeshifter) (D:14)
  4 black mambas
  17 elephants
  Joseph (D:9)
  2 molten gargoyles (Volcano)
  5 torpor snails
  19 cane toads
  2 unseen horrors
  Maggie (D:7)
  4 gargoyles
  An efreet (D:12)
  8 komodo dragons
  2 rime drakes
  A freezing wraith (D:12)
  A troll (shapeshifter) (D:13)
  A tengu conjurer (D:12)
  A tyrant leech (Lair:5)
  13 trolls
  3 polar bears
  28 tarantellas
  Prince Ribbit (D:7)
  32 blink frogs
  10 dream sheep
  4 slime creatures (D:12)
  15 jumping spiders
  17 culicivoras
  2 shadows
  5 wraiths
  2 vampires
  2 wyverns
  8 fire bats
  5 basilisks
  A fire elemental (Lair:1)
  8 humans (D:13)
  3 wargs (Orc:1)
  24 yaks
  5 hogs (D:14)
  40 redbacks
  4 steam dragons
  6 vampire mosquitoes
  Menkaure (D:4)
  Edmund (D:4)
  A redback simulacrum (D:15)
  An acid dragon (D:8)
  A hell hound (Gauntlet)
  12 water moccasins
  A sky beast (D:7)
  An ice beast (D:5)
  19 orc warriors
  3 black bears
  13 wolves
  14 centaurs
  21 ogres
  A kobold brigand (D:3)
  21 bullfrogs
  2 scorpions
  A gnoll sergeant (D:12)
  17 wights
  4 killer bees (D:9)
  7 howler monkeys
  2 electric eels
  7 lava snakes
  4 bombardier beetles
  5 jellies
  4 hounds
  14 orc priests
  4 iguanas
  A gnoll bouda (D:8)
  Terence (D:2)
  A sleepcap (D:7)
  7 hell rats
  20 orc wizards
  A hound skeleton (D:2)
  2 adders
  15 gnolls
  A shadow imp (D:5)
  A white imp (D:8)
  An adder skeleton (D:2)
  A ribbon worm (D:10)
  76 orcs
  5 ball pythons
  3 bats
  5 endoplasms
  A giant cockroach (D:3)
  4 goblins
  8 hobgoblins
  12 kobolds
  2 quokkas
  A ball python zombie (D:2)
  A frilled lizard (D:1)
  A rat (D:1)
846 creatures vanquished.

Vanquished Creatures (collateral kills)
  A broodmother (Spider:4)
  A minotaur (Gauntlet)
  An ettin (Orc:1)
  A two-headed ogre (Orc:2)
  A centaur warrior (D:15)
  A tengu warrior (D:12)
  A vampire mage (D:15)
  A demonic crawler (Spider:2)
  A storm dragon skeleton (D:15)
  A skyshark (Lair:5)
  A skeletal warrior (D:15)
  A deep troll (Orc:1)
  2 orb spiders
  A manticore (D:12)
  A tyrant leech (Lair:5)
  A blink frog (Lair:5)
  A spriggan zombie (D:15)
  2 jumping spiders
  A basilisk (D:12)
  A redback (Spider:2)
  A redback simulacrum (D:15)
  A vampire mosquito (Lair:5)
  An ogre (Orc:2)
  A wolf (Gauntlet)
  A centaur (D:12)
  4 orcs
31 creatures vanquished.

Vanquished Creatures (others)
  A human (D:13)
1 creature vanquished.

Grand Total: 878 creatures vanquished

Notes
Turn   | Place    | Note
-------+----------+-------------------------------------------
     0 | D:1      | Bitman the Minotaur Berserker began the quest for the Orb.
     0 | D:1      | Reached XP level 1. HP: 19/19 MP: 0/0
   145 | D:1      | Reached XP level 2. HP: 26/27 MP: 1/1
   820 | D:2      | Found a faded altar of an unknown god.
   844 | D:2      | Reached skill level 3 in Armour
   844 | D:2      | Reached XP level 3. HP: 30/33 MP: 2/2
   881 | D:2      | Noticed Terence
   892 | D:2      | Killed Terence
  1296 | D:3      | Noticed a kobold brigand
  1322 | D:3      | Reached XP level 4. HP: 41/41 MP: 3/3
  1396 | D:3      | Found Biwuipt's Assorted Antiques.
  1635 | D:3      | Killed a kobold brigand
  1636 | D:3      | Reached skill level 1 in Shapeshifting
  1636 | D:3      | Reached XP level 5. HP: 47/47 MP: 4/4
  1638 | D:3      | Reached ** piety under Trog
  2453 | D:3      | Reached skill level 4 in Armour
  2453 | D:3      | Reached XP level 6. HP: 11/55 MP: 5/5
  2456 | D:3      | Reached skill level 5 in Fighting
  2456 | D:3      | Reached skill level 5 in Axes
  2772 | D:4      | Noticed Menkaure
  2800 | D:4      | HP: 4/84 [??? (1)]
  2801 | D:4      | Killed Menkaure
  2802 | D:4      | Reached skill level 1 in Shields
  3237 | D:4      | Found a glowing golden altar of the Shining One.
  3317 | D:4      | Found a bloodstained altar of Trog.
  3354 | D:4      | Reached XP level 7. HP: 61/61 MP: 6/6
  3685 | D:3      | Bought a glowing broad axe for 224 gold pieces
  3781 | D:4      | Noticed Edmund
  3795 | D:4      | Killed Edmund
  3796 | D:4      | Reached skill level 5 in Armour
  3957 | D:5      | Entered Level 5 of the Dungeon
  4639 | D:6      | Reached XP level 8. HP: 63/70 MP: 7/7
  4989 | D:6      | Reached skill level 6 in Armour
  5073 | D:6      | Found a burning altar of Makhleb.
  5536 | D:7      | Noticed Maurice
  5541 | D:7      | Maurice stole a blade talisman
  5545 | D:7      | Maurice stole an amulet of the acrobat
  5547 | D:7      | Killed Maurice
  5548 | D:7      | Reached skill level 7 in Armour
  5548 | D:7      | Reached skill level 5 in Dodging
  5641 | D:7      | Noticed Prince Ribbit
  5653 | D:7      | Killed Prince Ribbit
  5660 | D:7      | Identified the +1 quarterstaff of the Slime-mould {vamp,
                  | Int+6}
  5675 | D:7      | Reached XP level 9. HP: 78/78 MP: 8/8
  5678 | D:7      | Found a staircase to the Ecumenical Temple.
  5678 | D:7      | Identified the +7 rapier "Xokhux" {heavy, rElec Str-3 Int+4
                  | SInv}
  5678 | D:7      | Identified the +2 robe of Pulihyu {Rampage rPois Will+
                  | Dex-2}
  5705 | D:7      | Reached *** piety under Trog
  5968 | D:7      | Reached skill level 8 in Armour
  6165 | D:7      | Noticed Maggie
  6210 | D:7      | Killed Maggie
  6211 | D:7      | Reached skill level 5 in Shields
  6663 | D:8      | Found a shimmering blue altar of Sif Muna.
  6845 | D:8      | Reached skill level 9 in Armour
  6849 | D:8      | Reached XP level 10. HP: 57/88 MP: 9/9
  7234 | D:8      | Found a broken altar of Ashenzari.
  7263 | D:8      | Reached **** piety under Trog
  7264 | D:8      | Reached skill level 10 in Axes
  7927 | D:9      | Noticed Joseph
  7942 | D:9      | Killed Joseph
  8073 | D:9      | Found a staircase to the Orcish Mines.
  8286 | D:9      | Identified the +3 ring mail "Xuaxuuhy" {rC+}
  8397 | D:9      | Reached skill level 10 in Armour
  8743 | D:9      | Found an opulent altar of Gozag.
  8841 | D:9      | Reached ***** piety under Trog
  9177 | D:9      | Identified a scroll of acquirement
  9177 | D:9      | Acquired a manual of Shapeshifting
  9369 | D:10     | Entered Level 10 of the Dungeon
  9446 | D:10     | Noticed a two-headed ogre
  9588 | Orc:1    | Entered Level 1 of the Orcish Mines
  9635 | Orc:1    | You fall into a shaft and drop 1 floor!
  9635 | Orc:2    | Entered Level 2 of the Orcish Mines
  9695 | Orc:1    | Noticed an orc knight
  9714 | Orc:1    | Killed an orc knight
  9719 | Orc:1    | Reached XP level 11. HP: 95/95 MP: 10/10
 10108 | Orc:2    | Found a staircase to the Elven Halls.
 10143 | Orc:2    | Found a runed translucent door.
 10257 | Orc:2    | Found Qushruwku's Assorted Antiques.
 10259 | Orc:2    | Noticed a two-headed ogre
 10263 | Orc:2    | Noticed a deep troll
 10268 | Orc:2    | Noticed a two-headed ogre
 10273 | Orc:2    | Reached skill level 5 in Shapeshifting
 10273 | Orc:2    | Noticed a two-headed ogre
 10274 | Orc:2    | Reached skill level 11 in Armour
 10274 | Orc:2    | Killed a two-headed ogre
 10279 | Orc:2    | Noticed an ogre mage
 10281 | Orc:2    | Noticed a two-headed ogre
 10308 | Orc:1    | Noticed an ettin
 10379 | Orc:2    | Killed a two-headed ogre
 10379 | Orc:2    | Received a gift from Trog
 10572 | Orc:1    | Killed an ettin
 10575 | Orc:1    | Killed a deep troll
 10994 | Orc:1    | Noticed an orc knight
 11002 | Orc:1    | Killed an orc knight
 11003 | Orc:1    | Reached skill level 12 in Armour
 11223 | Orc:2    | Killed an ogre mage
 11249 | Orc:2    | Noticed a two-headed ogre
 11262 | Orc:2    | Killed a two-headed ogre
 11384 | Orc:2    | Noticed a two-headed ogre
 11391 | Orc:2    | Killed a two-headed ogre
 11392 | Orc:2    | Reached XP level 12. HP: 103/106 MP: 11/11
 11416 | Orc:2    | Noticed a two-headed ogre
 11416 | Orc:2    | Noticed an ogre mage
 11419 | Orc:2    | Paralysed by an ogre mage for 4 turns
 11431 | Orc:2    | Killed a two-headed ogre
 11432 | Orc:2    | Reached skill level 10 in Fighting
 11442 | Orc:2    | Killed an ogre mage
 11445 | Orc:2    | Noticed a two-headed ogre
 11452 | Orc:2    | Killed a two-headed ogre
 11543 | Orc:2    | Killed a two-headed ogre
 11671 | Orc:2    | Found Teufec's Jewellery Emporium.
 11673 | Orc:2    | Found Gecliy's Assorted Antiques.
 11674 | Orc:2    | Bought a scroll labelled AHUIXEKLEPNO for 23 gold pieces
 11679 | Orc:2    | Bought a ring of see invisible for 195 gold pieces
 11681 | Orc:2    | Found Zecky's Armour Shoppe.
 11685 | Orc:2    | Bought a scroll of enchant armour for 270 gold pieces
 11685 | Orc:2    | Bought a scroll of identify for 72 gold pieces
 11690 | Orc:2    | Bought a +0 pair of boots for 63 gold pieces
 11690 | Orc:2    | Bought a +2 pair of gloves for 231 gold pieces
 11776 | Orc:2    | Reached skill level 13 in Armour
 12003 | Orc:2    | Killed a two-headed ogre
 12137 | Orc:2    | Noticed GreenGuy14's ghost (journeyman MiBe)
 12244 | D:10     | Killed a two-headed ogre
 12432 | D:10     | Found a staircase to the Lair.
 12854 | D:10     | Found a snail-covered altar of Cheibriados.
 12993 | D:10     | Found a runed translucent door.
 13063 | D:10     | Noticed a frost giant
 13072 | D:10     | Killed a frost giant
 13075 | D:10     | Identified the amulet "Zirronuo" {rC++ RegenMP+}
 13077 | D:10     | Noticed a stone giant
 13079 | D:10     | Noticed a yaktaur captain
 13087 | D:10     | Killed a stone giant
 13091 | D:10     | Killed a yaktaur captain
 13092 | D:10     | Reached XP level 13. HP: 91/116 MP: 12/12
 13096 | D:10     | Reached skill level 14 in Armour
 13248 | Lair:1   | Entered Level 1 of the Lair of Beasts
 13355 | Lair:1   | Reached skill level 10 in Shields
 13481 | Lair:1   | Found a burning altar of Makhleb.
 13920 | Lair:1   | Identified the +0 ring mail "Torhut" {Will+ Str+3 Dex+5}
 14309 | Lair:2   | Found a staircase to the Shoals.
 14377 | Lair:2   | Reached skill level 15 in Axes
 15217 | Lair:3   | Found a gate leading to a gauntlet.
 15233 | Gauntlet | Entered a Gauntlet
 15233 | Gauntlet | Found a transporter.
 15244 | Gauntlet | Found a transporter.
 15262 | Gauntlet | Found a transporter.
 15270 | Gauntlet | Found a transporter.
 15294 | Gauntlet | Found a transporter.
 15308 | Gauntlet | Found a transporter.
 15316 | Gauntlet | Found a large runed translucent door.
 15317 | Gauntlet | Found a large runed translucent door.
 15318 | Gauntlet | Found a large runed translucent door.
 15318 | Gauntlet | Found a large runed translucent door.
 15319 | Gauntlet | Found a runed translucent gate.
 15320 | Gauntlet | Found a transporter.
 15320 | Gauntlet | Found a runed translucent gate.
 15321 | Gauntlet | Found a runed translucent gate.
 15322 | Gauntlet | Found a large runed translucent door.
 15322 | Gauntlet | Found a large runed translucent door.
 15323 | Gauntlet | Found a large runed translucent door.
 15324 | Gauntlet | Found a large runed translucent door.
 15329 | Gauntlet | Found a transporter.
 15344 | Gauntlet | Found a transporter.
 15356 | Gauntlet | Found a transporter.
 15359 | Gauntlet | Noticed a dire elephant
 15373 | Gauntlet | Found a transporter.
 15391 | Gauntlet | Found a transporter.
 15393 | Gauntlet | Found a transporter.
 15420 | Gauntlet | Found a transporter.
 15440 | Gauntlet | Found a transporter.
 15463 | Gauntlet | Reached skill level 15 in Armour
 15615 | Gauntlet | Found a transporter.
 15616 | Gauntlet | Found a transporter.
 15617 | Gauntlet | Found a large runed translucent door.
 15617 | Gauntlet | Found a large runed translucent door.
 15619 | Gauntlet | Found a large runed translucent door.
 15627 | Gauntlet | Found a transporter.
 15642 | Gauntlet | Found a large runed translucent door.
 15642 | Gauntlet | Found a large runed translucent door.
 15642 | Gauntlet | Found a runed translucent door.
 15642 | Gauntlet | Found a runed translucent door.
 15643 | Gauntlet | Found a large runed translucent door.
 15644 | Gauntlet | Found a large runed translucent door.
 15645 | Gauntlet | Found a large runed translucent door.
 15806 | Gauntlet | Reached skill level 1 in Evocations
 15820 | Gauntlet | Identified the amulet "Niocsu" {Acrobat Rampage Dex+3}
 15833 | Gauntlet | Identified the +0 hat of Lunelush {+Inv rF+ rN+}
 15861 | Gauntlet | Noticed a minotaur
 15872 | Gauntlet | Killed a minotaur
 15884 | Gauntlet | Identified the ring of Gozag's Scorn {rC+ Slay+4}
 15908 | Lair:3   | Found a hole to the Spider Nest.
 16773 | Lair:4   | Reached XP level 14. HP: 126/126 MP: 13/13
 16989 | Lair:4   | Found a dark tunnel.
 17029 | Volcano  | Entered a volcano
 17408 | Volcano  | Found a burning altar of Makhleb.
 17420 | Volcano  | Reached skill level 16 in Armour
 17694 | Lair:4   | Found a runed translucent door.
 19059 | Lair:5   | Entered Level 5 of the Lair of Beasts
 19059 | Lair:5   | Found a viscous altar of Jiyva.
 19059 | Lair:5   | Found a staircase to the Slime Pits.
 19159 | Lair:5   | Reached skill level 10 in Shapeshifting
 19426 | Lair:5   | Reached skill level 17 in Armour
 19518 | Lair:5   | Reached XP level 15. HP: 121/135 MP: 14/14
 19691 | Lair:5   | Received a gift from Trog
 19799 | Lair:5   | Reached skill level 5 in Evocations
 20014 | Lair:5   | Identified the +5 scale mail "Veplupa" {Str+5}
 21156 | D:12     | Found an opulent altar of Gozag.
 21157 | D:12     | Found a shimmering blue altar of Sif Muna.
 21158 | D:12     | Found a basalt altar of Yredelemnul.
 21158 | D:12     | Found a stormy altar of Qazlal.
 21215 | D:12     | Reached skill level 18 in Armour
 21226 | D:12     | Received a gift from Trog
 22686 | D:13     | Found a gate to the Vaults.
 22926 | D:14     | Noticed Kirke
 22939 | D:14     | Received a gift from Trog
 22940 | D:14     | Reached skill level 19 in Armour
 22940 | D:14     | Reached XP level 16. HP: 147/147 MP: 15/15
 22952 | D:14     | Killed Kirke
 23180 | D:14     | Found a shimmering altar of Xom.
 23180 | D:14     | Found a shimmering altar of Xom.
 23277 | D:14     | Noticed Snorg
 23289 | D:14     | Killed Snorg
 24531 | D:15     | Entered Level 15 of the Dungeon
 24558 | D:15     | Found a shadowy altar of Dithmenos.
 24601 | D:15     | Found a staircase to the Depths.
 25079 | D:15     | Identified the +0 chain mail of Guum {Int+3 Dex+3}
 25210 | D:15     | Reached skill level 15 in Fighting
 25213 | D:15     | Received a gift from Trog
 25612 | Spider:1 | Entered Level 1 of the Spider Nest
 25872 | Spider:1 | Reached skill level 1 in Throwing
 26452 | Spider:1 | Reached skill level 20 in Armour
 27437 | Spider:2 | Identified the +4 whip "Sekoac" {vamp, rF+ Dex+2}
 27648 | Spider:2 | Reached XP level 17. HP: 156/156 MP: 16/16
 27889 | Spider:2 | Received a gift from Trog
 28569 | Spider:3 | Noticed Agnes
 28585 | Spider:3 | Killed Agnes
 28841 | Spider:3 | Reached skill level 15 in Shields
 29009 | Spider:4 | Entered Level 4 of the Spider Nest
 29027 | Spider:4 | Noticed Mlioglotl
 29040 | Spider:4 | Killed Mlioglotl
 29072 | Spider:4 | Received a gift from Trog
 29333 | Spider:4 | HP: 2/158 [broodmother (12)]
 29333 | Spider:4 | Slain by a wolf spider

Illustrated notes

Levels and vault maps discovered:
D:1:      psy_arrival_fountain, layout_basic, serial_curves, eino_curves_02,
          eino_curves_04, corexii_leaking_fountain
D:2:      layout_basic, dreamdust_ecumenical_altar_hidden_monk_grotto,
          serial_undead, serial_undead_b, serial_undead_e, serial_undead_c,
          serial_undead_f, serial_undead_e, serial_undead_b,
          lemuel_flame_loot_1, uniq_terence
D:3:      cheibrodos_thug_alley, layout_basic, serial_shops, shop,
          serial_co_window_serial, co_window_of_opportunity_a,
          co_window_cross_1, co_window_paths_a, co_window_paths_a,
          co_window_corner_a, co_window_unsneaky_path_a, co_window_corner_cb,
          co_window_broadway_a, co_window_unsneaky_path_d,
          co_window_of_opportunity_b, co_window_corner_ca, co_window_4corner_b,
          co_window_paths_d
D:4:      layout_loops_ring, mainiacjoe_overflow_alcove_1,
          nicolae_overflow_hidden_temple, minmay_gold_behind_fungi,
          roderic_roman_lattice, eino_curves_01, uniq_menkaure, uniq_edmund
D:5:      layout_basic
D:6:      layout_basic, mainiacjoe_overflow_24_doors, serial_rivers,
          chequers_serial_rivers_marsh, chequers_serial_rivers_micro_e,
          chequers_serial_rivers_room_b, chequers_serial_rivers_room_b
D:7:      layout_basic, minmay_temple_entry_mini_moons, uniq_prince_ribbit1,
          uniq_maurice, uniq_maggie
D:8:      layout_basic, lemuel_crystal_altar,
          mainiacjoe_overflow_surrounded_room, hangedman_decor_slide_cut
D:9:      layout_loops_corners, kennysheep_mini, david_orc_1_choice, uniq_joseph
D:10:     layout_small_grid, slow_altar_2, dpeg_lair_monsters, minivault_13
D:11:     layout_gridville
D:12:     minmay_the_grid_octo_triangle [minmay_the_grid_octo_teeth,
          minmay_the_grid_octo_prize_star, minmay_the_grid_octo_shrine],
          layout_rooms, serial_corexii_hall, corexii_hall_statues_l,
          chequers_hall_statues_corner_a
D:13:     layout_roguey, ximxim_vaults_locker_room
D:14:     layout_layer_cave, xom_redecorated, grunt_ministairs_6, uniq_snorg,
          uniq_kirke
D:15:     gammafunk_depths_entry_grave, layout_long_grid,
          grunt_dithmenos_smoke_and_mirrors, corner_web_ring
Lair:1:   layout_gridlike, basic_altar, lemuel_fruit_tree
Lair:2:   layout_long_grid, elwin_shoals_entry_rocks, st_stairs_3,
          infiniplex_staircase_pool_2
Lair:3:   layout_regular_city, nicolae_spider_entry_tight_spaces,
          gauntlet_entry_generic
Lair:4:   dreamdust_labyrinth, layout_cave_pods,
          nicolae_volcano_entry_lava_flow, nzn_random_ring, serial_bayou_shore_b
Lair:5:   minmay_lair_end_frog_pond, layout_cellular_growth,
          nicolae_slime_entry_field_trip, minivault_24
Spider:1: layout_spider_delve
Spider:2: layout_spider_delve, hellmonk_narrow_tunnel
Spider:3: layout_spider_delve, guppyfry_spider_mini_1, uniq_agnes
Spider:4: grunt_spider_rune_circles, nicolae_spider_jagged_tunnels,
          uniq_mlioglotl
Orc:1:    layout_caves, minmay_orc_barracks
Orc:2:    st_orc_open, layout_diamond_mine, ebering_ghost_inner_flame

Skill      XL: |  1  2  3  4  5  6  7  8  9 10 11 12 13 14 15 16 17 |
---------------+----------------------------------------------------+-----
Fighting       | 4 5 6 7 8 9 11 12 13 14 15 | 15.9
Axes           | 4 5 6 8 9 11 12 14 15 16 17 | 17.5
Armour         | 3 4 5 7 9 10 12 13 15 17 19 20 | 20.4
Dodging        | 3 4 5 6 7 |  7.0
Shapeshifting  | 1 2 3 4 6 7 8 10 | 10.0
Shields        | 1 2 4 5 7 8 9 11 12 13 14 15 | 15.1
Evocations     | 1 4 6 8 |  8.6
Throwing       | 2 4 |  4.4

Action                     |  1- 3 |  4- 6 |  7- 9 | 10-12 | 13-15 | 16-18 || total
---------------------------+-------+-------+-------+-------+-------+-------++-------
  Melee: Hand axe          |    56 |    83 |       |       |       |       ||   139
         Headbutt          |     9 |    17 |    23 |    96 |   184 |   156 ||   485
         War axe           |       |     7 |     1 |       |       |       ||     8
         Broad axe         |       |       |   165 |   425 |   809 |   590 ||  1989
         Unarmed           |       |       |       |       |       |     8 ||     8
 Invoke: Berserk           |       |     3 |     4 |     9 |    11 |    10 ||    37
         Trog's Hand       |       |       |     1 |     3 |     2 |     3 ||     9
         Brothers in Arms  |       |       |       |     5 |     4 |     3 ||    12
  Evoke: Wand              |       |       |       |       |     1 |       ||     1
    Use: Scroll            |       |       |    15 |     9 |    11 |     6 ||    41
         Potion            |       |       |     1 |     2 |       |     4 ||     7
   Stab: Distracted        |       |       |       |     1 |       |       ||     1
         Petrified         |       |       |       |       |     4 |     1 ||     5
         Petrifying        |       |       |       |       |     1 |       ||     1
 Armour: Animal skin       |    24 |       |       |       |       |       ||    24
         Ring mail         |    15 |    51 |       |       |       |       ||    66
         Chain mail        |       |     9 |   119 |    94 |       |       ||   222
         Plate armour      |       |       |       |   215 |   554 |   531 ||  1300
         Skin              |       |       |       |       |       |     6 ||     6
  Dodge: Dodged            |    27 |    36 |    65 |   167 |   226 |   224 ||   745
         Repelled          |       |       |     5 |     6 |    13 |     8 ||    32
  Block: Kite shield       |       |    14 |    71 |   196 |   104 |       ||   385
         Tower shield      |       |       |       |       |   640 |   887 ||  1527

Table legend: (Time is in decaauts)
 A = Elapsed time spent in this place.
 B = Non-inter-level travel time spent in this place.
 C = Inter-level travel time spent in this place.
 D = Time resting spent in this place.
 E = Time spent auto-exploring this place.
 F = Levels seen in this place.
 G = Mean time per level.
                   A        B        C        D        E       F      G
               +--------+--------+--------+--------+--------+-----+--------+
         Total |  29660 |  28386 |   1274 |   4963 |  18015 |  28 | 1059.3 |
       Dungeon |  15934 |  15211 |    723 |   1906 |  10880 |  15 | 1062.3 |
          Lair |   6029 |   5687 |    342 |    618 |   3967 |   5 | 1205.8 |
   Spider Nest |   3709 |   3596 |    113 |   1182 |   1731 |   4 |  927.2 |
  Orcish Mines |   2679 |   2583 |     96 |   1068 |    997 |   2 | 1339.5 |
       Volcano |    626 |    626 |      0 |     10 |    332 |   1 |  626.0 |
      Gauntlet |    682 |    682 |      0 |    177 |    107 |   1 |  682.0 |
               +--------+--------+--------+--------+--------+-----+--------+

Top non-repeatable levels by time:
    D:14: 1774 daAuts
Spider:1: 1766 daAuts
  Lair:4: 1689 daAuts
     D:9: 1680 daAuts
   Orc:2: 1594 daAuts
     D:3: 1406 daAuts
     D:4: 1325 daAuts
     D:8: 1299 daAuts
  Lair:5: 1292 daAuts
    D:10: 1163 daAuts
     D:7: 1156 daAuts
  Lair:3: 1143 daAuts
   Orc:1: 1085 daAuts
  Lair:2: 1011 daAuts
    D:13: 940 daAuts
